[ AOE2 MATCH · #494425007 ]
UnrankedMongols vs Muisca
Player's team · LOSS
Rival team · WIN
[ REPLAY ANALYSIS · EXTRACTED FROM THE RECORDED GAME ]
Feudal
7:28
Castle
20:19
Imperial
—
| APM avg | 54.8 |
| APM peak | 94 |
| eAPM avg | 25.2 |
| Villagers / military | 110 / 37 |
Focus
⚔️ 41.5% · 🌾 58.5%
Archer ×12 · Mangonel ×9 · Skirmisher ×9 · Knight ×4 · Spearman ×1 · Battering Ram ×1
Feudal
10:44
Castle
15:04
Imperial
44:25
| APM avg | 74.9 |
| APM peak | 141 |
| eAPM avg | 28.1 |
| Villagers / military | 88 / 11 |
Focus
⚔️ 61.8% · 🌾 38.2%
Unknown (2562) ×103 · Monk ×11
Match map
Initial resources + every placement click. Lines = walls · curves = elevation contours. ◆ gold · ⬟ stone · ● berries · ✦ relic · ◌ wall gap
Your base· ✓ Closed at 20:19 · 6t walls · fragile
RedPhosphoru's base· Open — 2t gap
Smoothed initial terrain · ◌ = detected wall gap · hover for details
Inputs per minute
— Courtesy - - RedPhosphoru
Build order — Courtesy
First 150 of 243 actions detected
| 0:04 | Build | Town Center |
| 1:08 | Create | Villager (Male) |
| 1:08 | Create | Villager (Male) |
| 1:08 | Create | Villager (Male) |
| 1:08 | Create | Villager (Male) |
| 1:09 | Create | Villager (Male) |
| 1:51 | Create | Villager (Male) |
| 2:35 | Create | Villager (Male) |
| 2:39 | Create | Villager (Male) |
| 3:09 | Create | Villager (Male) |
| 3:10 | Build | House |
| 3:18 | Build | Lumber Camp |
| 3:25 | Create | Villager (Male) |
| 3:39 | Build | Mining Camp |
| 4:50 | Create | Villager (Male) |
| 5:12 | Research | Feudal Age |
| 5:47 | Research | Loom |
| 6:13 | Create | Villager (Male) |
| 6:34 | Build | Barracks |
| 6:55 | Create | Villager (Male) |
| 7:28 | Age | Feudal Age |
| 7:31 | Build | Archery Range |
| 7:49 | Build | Mill |
| 8:11 | Build | House |
| 8:12 | Create | Archer |
| 8:18 | Create | Villager (Male) |
| 8:28 | Build | House |
| 8:30 | Create | Archer |
| 8:45 | Create | Spearman |
| 8:46 | Create | Villager (Male) |
| 9:12 | Create | Villager (Male) |
| 9:18 | Create | Archer |
| 9:27 | Create | Archer |
| 9:29 | Create | Villager (Male) |
| 9:40 | Build | Blacksmith |
| 9:50 | Build | House |
| 10:07 | Create | Archer |
| 10:10 | Create | Villager (Male) |
| 10:20 | Build | Mill |
| 10:28 | Research | Fletching |
| 10:28 | Research | Fletching |
| 10:46 | Build | Palisade Gate |
| 11:07 | Build | Watch Tower |
| 11:12 | Create | Villager (Male) |
| 11:15 | Create | Archer |
| 11:22 | Create | Villager (Male) |
| 11:29 | Build | House |
| 11:36 | Create | Villager (Male) |
| 11:40 | Create | Archer |
| 11:44 | Create | Villager (Male) |
| 12:06 | Build | House |
| 12:13 | Create | Villager (Male) |
| 12:25 | Research | Padded Archer Armor |
| 12:25 | Research | Padded Archer Armor |
| 12:26 | Research | Loom |
| 12:28 | Create | Villager (Male) |
| 12:41 | Create | Archer |
| 12:43 | Create | Villager (Male) |
| 12:46 | Build | Mill |
| 12:51 | Create | Villager (Male) |
| 13:11 | Create | Archer |
| 13:15 | Research | Wheelbarrow |
| 13:30 | Build | Market |
| 13:36 | Build | Palisade Wall |
| 13:38 | Create | Villager (Male) |
| 13:44 | Create | Villager (Male) |
| 14:08 | Create | Archer |
| 14:22 | Create | Villager (Male) |
| 14:42 | Create | Archer |
| 14:45 | Create | Villager (Male) |
| 14:50 | Build | Watch Tower |
| 14:53 | Create | Villager (Male) |
| 14:59 | Build | Watch Tower |
| 15:01 | Create | Villager (Male) |
| 15:04 | Create | Archer |
| 15:27 | Create | Villager (Male) |
| 15:35 | Create | Skirmisher |
| 15:45 | Create | Villager (Male) |
| 15:55 | Create | Villager (Male) |
| 16:42 | Build | Stone Wall |
| 16:44 | Build | Stone Wall |
| 17:25 | Build | House |
| 17:26 | Build | Stone Wall |
| 17:32 | Build | House |
| 17:39 | Research | Castle Age |
| 17:39 | Research | Castle Age |
| 17:39 | Research | Castle Age |
| 18:12 | Create | Skirmisher |
| 18:41 | Build | Lumber Camp |
| 18:50 | Build | Stable |
| 18:55 | Create | Skirmisher |
| 19:11 | Build | Palisade Wall |
| 19:12 | Build | Palisade Wall |
| 19:21 | Create | Villager (Male) |
| 19:44 | Create | Skirmisher |
| 20:19 | Age | Castle Age |
| 20:21 | Create | Knight |
| 20:40 | Create | Villager (Male) |
| 20:47 | Create | Knight |
| 20:50 | Create | Villager (Male) |
| 20:59 | Create | Villager (Male) |
| 21:03 | Build | Town Center |
| 21:12 | Create | Villager (Male) |
| 21:30 | Create | Villager (Male) |
| 21:43 | Create | Villager (Male) |
| 21:51 | Research | Double-Bit Axe |
| 21:52 | Research | Double-Bit Axe |
| 22:04 | Create | Cavalry Archer |
| 22:26 | Create | Villager (Male) |
| 22:28 | Create | Villager (Male) |
| 22:43 | Create | Villager (Male) |
| 23:03 | Create | Villager (Male) |
| 23:23 | Create | Skirmisher |
| 23:23 | Create | Skirmisher |
| 23:31 | Create | Villager (Male) |
| 23:38 | Build | Mill |
| 23:57 | Research | Bodkin Arrow |
| 24:09 | Build | Farm |
| 24:51 | Build | Farm |
| 24:52 | Build | Farm |
| 24:53 | Build | Farm |
| 25:25 | Build | Siege Workshop |
| 25:31 | Create | Villager (Male) |
| 25:31 | Create | Villager (Male) |
| 26:04 | Create | Mangonel |
| 26:12 | Create | Villager (Male) |
| 26:18 | Create | Villager (Male) |
| 26:23 | Create | Villager (Male) |
| 26:42 | Create | Mangonel |
| 26:45 | Build | Farm |
| 26:51 | Create | Villager (Male) |
| 26:54 | Build | House |
| 26:59 | Create | Villager (Male) |
| 27:06 | Create | Knight |
| 27:13 | Build | House |
| 27:33 | Create | Villager (Male) |
| 27:49 | Create | Villager (Male) |
| 28:11 | Create | Knight |
| 28:16 | Build | House |
| 28:39 | Create | Villager (Male) |
| 28:44 | Research | Elite Skirmisher (upgrade) |
| 28:45 | Research | Elite Skirmisher (upgrade) |
| 28:48 | Create | Villager (Male) |
| 28:52 | Build | Farm |
| 28:52 | Build | Farm |
| 28:53 | Build | Farm |
| 28:53 | Build | Farm |
| 28:53 | Build | Farm |
| 29:19 | Create | Villager (Male) |
| 29:34 | Create | Mangonel |
Build order — RedPhosphoru
First 150 of 287 actions detected
| 0:02 | Build | Town Center |
| 1:04 | Create | Villager (Male) |
| 1:04 | Create | Villager (Male) |
| 1:05 | Create | Villager (Male) |
| 1:07 | Create | Villager (Male) |
| 1:46 | Create | Villager (Male) |
| 1:59 | Build | Settlement |
| 2:12 | Create | Villager (Male) |
| 2:42 | Create | Villager (Male) |
| 3:06 | Create | Villager (Male) |
| 3:26 | Create | Villager (Male) |
| 3:54 | Create | Villager (Male) |
| 4:12 | Create | Villager (Male) |
| 4:25 | Create | Villager (Male) |
| 4:35 | Create | Villager (Male) |
| 4:43 | Create | Villager (Male) |
| 4:47 | Build | Settlement |
| 4:51 | Create | Villager (Male) |
| 4:56 | Build | Palisade Wall |
| 4:58 | Create | Villager (Male) |
| 5:34 | Build | Palisade Wall |
| 5:53 | Create | Villager (Male) |
| 6:36 | Create | Villager (Male) |
| 6:42 | Create | Villager (Male) |
| 6:52 | Build | Palisade Wall |
| 6:57 | Create | Villager (Male) |
| 7:10 | Create | Villager (Male) |
| 7:34 | Research | Loom |
| 7:35 | Research | Feudal Age |
| 8:18 | Build | Palisade Wall |
| 8:23 | Build | Palisade Wall |
| 9:22 | Create | Villager (Male) |
| 9:56 | Build | Palisade Wall |
| 10:09 | Build | Palisade Wall |
| 10:16 | Build | Palisade Wall |
| 10:38 | Create | Villager (Male) |
| 10:44 | Age | Feudal Age |
| 10:48 | Build | Market |
| 10:51 | Build | Blacksmith |
| 10:57 | Create | Villager (Male) |
| 11:11 | Build | Watch Tower |
| 11:13 | Create | Villager (Male) |
| 11:27 | Create | Villager (Male) |
| 11:47 | Create | Villager (Male) |
| 12:08 | Research | Castle Age |
| 12:24 | Build | Stone Wall |
| 12:37 | Build | Settlement |
| 13:20 | Research | Double-Bit Axe |
| 13:29 | Build | House |
| 13:43 | Build | Gate |
| 13:47 | Build | Palisade Wall |
| 13:50 | Build | Palisade Wall |
| 13:51 | Build | Palisade Wall |
| 13:53 | Build | Palisade Wall |
| 13:53 | Create | Villager (Male) |
| 13:58 | Build | Palisade Wall |
| 14:00 | Build | Palisade Wall |
| 14:02 | Build | Palisade Wall |
| 14:05 | Create | Villager (Male) |
| 14:30 | Create | Villager (Male) |
| 14:43 | Build | Palisade Wall |
| 15:04 | Age | Castle Age |
| 15:08 | Build | Palisade Wall |
| 15:09 | Build | Palisade Wall |
| 15:20 | Build | Castle |
| 16:27 | Create | Unit 2562 |
| 16:29 | Create | Villager (Male) |
| 16:35 | Create | Villager (Male) |
| 17:01 | Create | Unit 2562 |
| 17:05 | Create | Unit 2562 |
| 17:05 | Create | Unit 2562 |
| 17:45 | Build | Settlement |
| 17:52 | Create | Villager (Male) |
| 18:07 | Build | Outpost |
| 18:24 | Create | Unit 2562 |
| 18:35 | Build | Watch Tower |
| 18:39 | Create | Unit 2562 |
| 18:40 | Create | Unit 2562 |
| 18:48 | Build | Farm |
| 19:00 | Create | Unit 2562 |
| 19:09 | Create | Unit 2562 |
| 19:37 | Create | Unit 2562 |
| 19:39 | Create | Unit 2562 |
| 19:53 | Research | Fletching |
| 20:00 | Research | Padded Archer Armor |
| 20:01 | Create | Unit 2562 |
| 20:11 | Create | Villager (Male) |
| 20:19 | Create | Unit 2562 |
| 20:31 | Create | Unit 2562 |
| 20:36 | Create | Unit 2562 |
| 20:46 | Create | Unit 2562 |
| 20:46 | Create | Unit 2562 |
| 21:08 | Create | Unit 2562 |
| 21:34 | Build | Monastery |
| 21:35 | Create | Unit 2562 |
| 21:35 | Create | Unit 2562 |
| 21:45 | Create | Unit 2562 |
| 21:45 | Create | Unit 2562 |
| 21:53 | Create | Unit 2562 |
| 21:53 | Create | Unit 2562 |
| 22:13 | Build | Monastery |
| 22:17 | Create | Unit 2562 |
| 22:32 | Research | Fletching |
| 22:34 | Create | Unit 2562 |
| 22:45 | Create | Unit 2562 |
| 22:46 | Create | Villager (Male) |
| 22:59 | Create | Unit 2562 |
| 23:10 | Create | Unit 2562 |
| 23:18 | Create | Unit 2562 |
| 23:28 | Build | Farm |
| 23:35 | Create | Unit 2562 |
| 23:47 | Create | Villager (Male) |
| 24:07 | Create | Unit 2562 |
| 24:09 | Create | Villager (Male) |
| 24:17 | Create | Unit 2562 |
| 24:24 | Create | Villager (Male) |
| 24:51 | Research | Bodkin Arrow |
| 24:59 | Create | Monk |
| 25:07 | Create | Villager (Male) |
| 25:12 | Build | Farm |
| 25:13 | Create | Unit 2562 |
| 25:19 | Create | Villager (Male) |
| 25:53 | Create | Unit 2562 |
| 26:04 | Create | Unit 2562 |
| 26:07 | Create | Villager (Male) |
| 26:19 | Create | Unit 2562 |
| 26:46 | Create | Unit 2562 |
| 26:47 | Create | Villager (Male) |
| 26:55 | Create | Villager (Male) |
| 26:56 | Create | Unit 2562 |
| 26:59 | Create | Unit 2562 |
| 27:17 | Build | Farm |
| 27:20 | Build | Farm |
| 27:21 | Build | Settlement |
| 27:34 | Create | Unit 2562 |
| 27:34 | Create | Villager (Male) |
| 27:43 | Create | Unit 2562 |
| 27:57 | Create | Villager (Male) |
| 27:58 | Create | Villager (Male) |
| 28:06 | Create | Unit 2562 |
| 28:07 | Create | Villager (Male) |
| 28:36 | Create | Unit 2562 |
| 28:37 | Create | Villager (Male) |
| 28:38 | Create | Unit 2562 |
| 29:20 | Create | Unit 2562 |
| 29:21 | Create | Villager (Male) |
| 29:31 | Create | Monk |
| 29:36 | Build | Farm |
| 29:36 | Build | Farm |
| 29:37 | Build | Farm |
Match timeline
| 4:56 | RedPhosphoru · wall_segment Palisade Wall x15 |
| 5:34 | RedPhosphoru · wall_segment Palisade Wall x4 |
| 6:34 | Courtesy · first_building Barracks |
| 6:52 | RedPhosphoru · wall_segment Palisade Wall x9 |
| 7:28 | Courtesy · age_up feudal |
| 7:31 | Courtesy · first_building Archery Range |
| 8:18 | RedPhosphoru · wall_segment Palisade Wall x1 |
| 8:23 | RedPhosphoru · wall_segment Palisade Wall x1 |
| 9:56 | RedPhosphoru · wall_segment Palisade Wall x1 |
| 10:09 | RedPhosphoru · wall_segment Palisade Wall x1 |
| 10:16 | RedPhosphoru · wall_segment Palisade Wall x1 |
| 10:44 | RedPhosphoru · age_up feudal |
| 12:07 | RedPhosphoru · first_market_sell 100 food |
| 12:24 | RedPhosphoru · wall_segment Stone Wall x9 |
| 13:36 | Courtesy · wall_segment Palisade Wall x1 |
| 13:47 | RedPhosphoru · wall_segment Palisade Wall x1 |
| 13:50 | RedPhosphoru · wall_segment Palisade Wall x1 |
| 13:51 | RedPhosphoru · wall_segment Palisade Wall x1 |
| 13:53 | RedPhosphoru · wall_segment Palisade Wall x1 |
| 13:58 | RedPhosphoru · wall_segment Palisade Wall x1 |
| 14:00 | RedPhosphoru · wall_segment Palisade Wall x1 |
| 14:02 | RedPhosphoru · wall_segment Palisade Wall x1 |
| 14:43 | RedPhosphoru · wall_segment Palisade Wall x1 |
| 15:04 | RedPhosphoru · age_up castle |
| 15:08 | RedPhosphoru · wall_segment Palisade Wall x1 |
| 15:09 | RedPhosphoru · wall_segment Palisade Wall x1 |
| 15:20 | RedPhosphoru · first_building Castle |
| 16:27 | Courtesy · first_market_buy 100 food |
| 16:28 | Courtesy · first_market_sell 100 wood |
| 16:42 | Courtesy · wall_segment Stone Wall x1 |
| 16:44 | Courtesy · wall_segment Stone Wall x1 |
| 17:26 | Courtesy · wall_segment Stone Wall x1 |
| 18:50 | Courtesy · first_building Stable |
| 19:11 | Courtesy · wall_segment Palisade Wall x1 |
| 19:12 | Courtesy · wall_segment Palisade Wall x1 |
| 19:52 | RedPhosphoru · first_market_buy 100 food |
| 20:19 | Courtesy · age_up castle |
| 21:34 | RedPhosphoru · first_building Monastery |
| 25:25 | Courtesy · first_building Siege Workshop |
| 36:29 | Courtesy · wall_segment Stone Wall x1 |
| 38:46 | Courtesy · first_building Castle |
| 43:32 | Courtesy · wall_segment Palisade Wall x1 |
| 44:25 | RedPhosphoru · age_up imperial |
| 44:43 | Courtesy · resign |
[ AI ANALYSIS · 1 CREDIT ]
What really happened in this match?
Wolo.gg analyzes every decision: build order, eco, micro, common mistakes by bracket. Personalized analysis on WhatsApp or Discord in 30 seconds.
Civ guide
Mongols
Perfil
deaKer